 Dungeon Crawl Stone Soup version 0.31-a0-236-g9a0961fb85 (webtiles) character file.

Game seed: 3541473034715044812

35 qw the Shooter (level 3, 0/21 HPs)
             Began as a Gargoyle Hexslinger on July 9, 2023.
             Slain by a gnoll
             ... wielding a +0 whip
              (2 damage)
             ... on level 2 of the Dungeon.
             The game lasted 00:00:20 (1001 turns).

qw the Shooter (Gargoyle Hexslinger)                Turns: 1001, Time: 00:00:20

Health: 0/21       AC:  9    Str: 11    XL:     3   Next: 33%
Magic:  4/4        EV: 10    Int: 13    God:
Gold:   88         SH:  0    Dex: 14    Spells: 3/4 levels left

rFire   . . .        Y - +1 sling
rCold   . . .        (no shield)
rNeg    + . .        i - +0 ring mail
rPois   inf          (no helmet)
rElec   +            (no cloak)
rCorr   .            (no gloves)
SInv    .            d - +0 pair of boots
Will    .....        (no amulet)
Stlth   +            (no ring)
HPRegen 0.23/turn    (no ring)
MPRegen 0.09/turn

%: no passive effects
@: no status effects
A: sickness immunity, AC +3, negative energy resistance 1, electricity
resistance, torment resistance 1, petrification resistance
a: no special abilities


You were on level 2 of the Dungeon.
You visited 1 branch of the dungeon, and saw 2 of its levels.

You collected 88 gold pieces.


Innate Abilities, Weirdness & Mutations

You are immune to sickness and miasma.
Your stone body is resilient. (AC +3)
You are immune to poison.
You resist negative energy. (rN+)
You are resistant to electric shocks. (rElec)
You are resistant to unholy torment.
You are immune to petrification.


   Skills:
 - Level 2.0 Fighting
 + Level 3.0 Ranged Weapons
 - Level 1.2 Armour
 - Level 1.5 Dodging
 - Level 1.0 Spellcasting
 - Level 2.6 Hexes


You had 3 spell levels left.
You knew the following spells:

 Your Spells              Type           Power      Damage    Failure   Level
a - Slow                  Hex            28%        N/A       22%         1

Your spell library contained the following spells:

 Spells                   Type           Power      Damage    Failure   Level
 Inner Flame              Hex/Fire       4%         N/A       75%         3
 Portal Projectile        Hex/Tloc       8%         N/A       75%         3
 Cause Fear               Hex            3%         N/A       91%         4

Inventory:

Hand Weapons
 Y - a +1 sling (weapon)
Armour
 d - a +0 pair of boots (worn)
 i - a +0 ring mail (worn)
Potions
 a - a potion of degeneration {unknown}
 b - a potion of heal wounds {unknown}
 j - a potion of enlightenment {unknown}

Dungeon Overview and Level Annotations

Branches:
Dungeon (2/15)

Altars:


Message History

The gnoll is heavily wounded.
A gnoll comes into view. It is wielding a +0 whip.
You shoot a sling bullet. The sling bullet hits the gnoll.
The gnoll is severely wounded.
A gnoll comes into view. It is wielding a +0 halberd.
You shoot a sling bullet. The sling bullet hits the gnoll.
You kill the gnoll!
Your Armour skill increases to level 1!
You shoot a sling bullet.
The sling bullet barely misses the gnoll.
You shoot a sling bullet. The sling bullet hits the gnoll.
The gnoll is lightly wounded.
You shoot a sling bullet.
The sling bullet closely misses the gnoll.
The gnoll hits you with a +0 whip.
You shoot a sling bullet. The sling bullet hits the gnoll.
The gnoll is heavily wounded.
The gnoll barely misses you. The gnoll hits you but does no damage.
You shoot a sling bullet.
The sling bullet barely misses the gnoll.
The gnoll barely misses you. x2; The gnoll closely misses you. x2
You shoot a sling bullet.
The sling bullet closely misses the gnoll.
The gnoll hits you but does no damage. The gnoll barely misses you.
You shoot a sling bullet.
The sling bullet closely misses the gnoll.
The gnoll hits you from afar with a +0 halberd.
The gnoll hits you with a +0 whip.
You shoot a sling bullet.
The sling bullet barely misses the gnoll.
The gnoll closely misses you. The gnoll hits you with a +0 whip.
The gnoll hits you but does no damage. The gnoll hits you with a +0 whip!
You shoot a sling bullet.
The sling bullet hits the gnoll but does no damage.
The gnoll is heavily wounded.
The gnoll barely misses you. The gnoll hits you but does no damage.
You shoot a sling bullet. The sling bullet hits the gnoll.
The gnoll is heavily wounded.
The gnoll barely misses you. The gnoll hits you with a +0 whip.
You die...

#........ #........
............ #............... #
##............... #.
#....##.........#
#..##...###..##.....#
##..@..##............
#..g......[.......... ..<
###....g................
...##.#.............>.........
..)...#.......%.............##
.......#...................#.##
.......#...................#.##
...........................#.#
...................%.........#


You could see 2 gnolls.

Vanquished Creatures
  A gnoll (D:2)
  An adder (D:2)
  An endoplasm (D:1)
  2 giant cockroaches
  4 jackals
  A kobold (D:2)
  A ball python (D:1)
  A frilled lizard (D:1)
  3 goblins
15 creatures vanquished.

Notes
Turn   | Place    | Note
-------+----------+-------------------------------------------
     0 | D:1      | qw the Gargoyle Hexslinger began the quest for the Orb.
     0 | D:1      | Reached XP level 1. HP: 12/12 MP: 2/2
     0 | D:1      | 0 ||| qw: Version: 0.3-a-51-g015441d
     0 | D:1      | 0 ||| qw: Game counter: 4448
     0 | D:1      | 0 ||| qw: Melee chars always use a shield: true
     0 | D:1      | 0 ||| qw: God list: Okawaru
     0 | D:1      | 0 ||| qw: Allow faded altars: false
     0 | D:1      | 0 ||| qw: Do Orc after clearing Dungeon:15 true
     0 | D:1      | 0 ||| qw: Do second Lair branch before Depths: true
     0 | D:1      | 0 ||| qw: Lair rune preference: random
     0 | D:1      | 0 ||| qw: Goals: Normal
     0 | D:1      | 0 ||| PLANNING D:1-11
   594 | D:1      | Found a faded altar of an unknown god.
   733 | D:1      | 733 ||| UPGRADING to +0 pair of boots.
   738 | D:1      | 738 ||| UPGRADING to +0 ring mail.
   748 | D:1      | 748 ||| DROPPING +0 robe.
   749 | D:1      | 749 ||| DROPPING ring of wizardry.
   750 | D:1      | 750 ||| READING scroll labelled VYCO SIHUO.
   751 | D:1      | 751 ||| READING scroll labelled ONTEFO CEIPSOU.
   752 | D:1      | 752 ||| READING scroll labelled YSEEFA CI AFO.
   756 | D:1      | 756 ||| READING scroll labelled BOEDOOC APSAYR.
   757 | D:1      | 757 ||| DROPPING scroll of poison.
   821 | D:2      | Reached XP level 2. HP: 16/16 MP: 3/3
   830 | D:2      | 830 ||| STAIRDANCE
   878 | D:2      | Reached skill level 3 in Ranged Weapons
   969 | D:2      | Reached XP level 3. HP: 20/21 MP: 4/4
   992 | D:2      | Reached skill level 1 in Armour
   999 | D:2      | HP: 1/21 [gnoll/+0 whip (8)]
  1001 | D:2      | Slain by a gnoll

Levels and vault maps discovered:
D:1:      roderic_crossed_star, layout_loops_ring,
          hellmonk_ecumenical_altar_leap_of_faith,
          wander_ebering_terrifying_dragon_lair
D:2:      layout_rooms, hex_tiny, uniq_jessica

Skill      XL: |  1  2  3 |
---------------+----------+-----
Ranged Weapons | 3 |  3.0
Fighting       | 2 |  2.0
Armour         | 1 |  1.2
Dodging        | |  1.5
Spellcasting   | |  1.0
Hexes          | |  2.6

Action                     || total
---------------------------++-------
   Fire: Sling             ||    67
    Use: Scroll            ||     4
 Armour: Robe              ||     1
         Ring mail         ||    17
  Dodge: Dodged            ||    32

Table legend:
 A = Non-vault XP
 B = Vault XP
 C = Vault XP percentage of total XP
 D = Non-vault monster count
 E = Vault monster count
 F = Vault count percentage of total count
                 A         B        C        D         E       F
            +---------+---------+-------+---------+---------+-------
      Total |      49 |       1 |   2.0 |      14 |       1 |   6.7
            +---------+---------+-------+---------+---------+-------
        D:1 |      10 |       1 |   9.1 |       6 |       1 |  14.3
        D:2 |      39 |       0 |   0.0 |       8 |       0 |   0.0
            +---------+---------+-------+---------+---------+-------
